 Dungeon Crawl Stone Soup version 0.18.1-50-g88ac8fd (webtiles) character file.

1584 Nordron the Transmogrifier (level 8, -8/57 HPs)
             Began as an Octopode Transmuter on Sept 24, 2016.
             Splashed by a jelly's acid (9 damage)
             ... on level 5 of the Dungeon.
             The game lasted 00:49:17 (8431 turns).

Nordron the Transmogrifier (Octopode Transmuter)    Turns: 8431, Time: 00:49:18

Health: -8/57      AC: -2    Str: 10    XL:     8   Next: 92%
Magic:  8/11       EV: 20    Int: 15    God:
Gold:   338        SH:  0    Dex: 19    Spells: 3 memorised, 2 levels left

rFire  . . .     SeeInvis .       - Unarmed
rCold  . . .     Gourm    .     (shield currently unavailable)
rNeg   . . .     Faith    .     (helmet currently unavailable)
rPois  x         Spirit   .     (no amulet)
rElec  .         Dismiss  .     y - ring of flight
rCorr  .         Reflect  .     (no ring)
SustAt .         Harm     .     (no ring)
MR     .....                    (no ring)
Stlth  ++........               (no ring)
                                (no ring)
                                (no ring)
                                (no ring)

@: spider-form (expiring), corroded, not resistant to hostile enchantments,
unstealthy
A: almost no armour, (amphibious), 8 rings, (constrict 8), (camouflage 0),
(gelatinous body 0)
a: End Transformation, Evoke Flight


You were on level 5 of the Dungeon.
You were hungry.
You were a venomous arachnid creature.
You visited 1 branch of the dungeon, and saw 6 of its levels.

You collected 338 gold pieces.

Inventory:

Hand Weapons
 l - a +0 flail of protection (melded)
 o - a +1 whip of draining
 s - a +0 dagger of holy wrath
 u - a cursed -2 dagger
Missiles
 a - 84 arrows
Jewellery
 y - a ring of flight (left front leg)
Wands
 t - a wand of random effects (12/48)
Scrolls
 d - 6 scrolls of identify
 k - 2 scrolls of enchant armour
 n - 2 scrolls of recharging
 p - a scroll of fog {unknown}
 r - 2 scrolls of remove curse
 v - a scroll of random uselessness {unknown}
Potions
 e - a potion of curing
 f - a potion of agility
 g - 2 potions of cancellation {unknown}
 h - a potion of resistance
 w - a potion of lignification
 A - a potion of might {unknown}
Books
 b - a book of Changes

   Spells                             Type                      Level
   a - Beastly Appendage              Transmutation                1
   b - Sticks to Snakes               Transmutation                2
   c - Spider Form                    Transmutation/Poison         3
   d - Ice Form                       Ice/Transmutation            4
   e - Blade Hands                    Transmutation                5
 x - a book of Unlife

   Spells                             Type                      Level
   a - Recall                         Summoning/Translocation      3
   b - Animate Dead                   Necromancy                   4
   c - Control Undead                 Necromancy                   4
   d - Cigotuvi's Embrace             Necromancy                   5
   e - Death Channel                  Necromancy                   6
   f - Simulacrum                     Ice/Necromancy               6
 z - a book of the Warp

   Spells                             Type                      Level
   a - Recall                         Summoning/Translocation      3
   b - Gell's Gravitas                Hexes/Translocation          3
   c - Force Lance                    Conjuration/Translocation    4
   d - Warp Weapon                    Charms/Translocation         5
   e - Summon Forest                  Summoning/Translocation      5
Comestibles
 c - 3 bread rations
 i - a fruit
 j - 3 slices of pizza
 m - 2 beef jerkies
 q - a meat ration
 B - a chunk of flesh


   Skills:
 + Level 6.1 Fighting
 - Level 2.0 Dodging
 - Level 3.0 Unarmed Combat
 - Level 2.0 Spellcasting
 * Level 9.2 Transmutations


You had 2 spell levels left.
You knew the following spells:

 Your Spells              Type           Power        Failure   Level  Hunger
a - Beastly Appendage     Trmt           ####..       3%          1    #......
b - Spider Form           Trmt/Pois      ###.......   28%         3    ###....
c - Blade Hands           Trmt           ####......   36%         5    ######.


Dungeon Overview and Level Annotations

Branches:
Dungeon (6/15)
 Temple: D:4-7

Altars:
Fedhas
Gozag
Kikubaaqudgha
Makhleb
Pakellas
Yredelemnul

Shops:
D:5 *

Annotations:
D:4 Grinder


Innate Abilities, Weirdness & Mutations

You cannot wear most types of armour.
((You are amphibious.))
You can wear up to eight rings at the same time.
((You can use your tentacles to constrict eight enemies at once.))
((Your skin changes colour to match your surroundings (Stealth).))
((Your rubbery body absorbs attacks (AC +1).))


Message History

You turn into a venomous arachnid creature.
Your +0 flail of protection melds into your body.
You feel less protected. The quokka bites you.
* * * LOW HITPOINT WARNING * * *
You bite the quokka!
You kill the quokka!
You hit the jelly.
Your front legs burn!
* * * LOW HITPOINT WARNING * * *
The jelly is lightly wounded.
A worker ant comes into view.
The worker ant twitches its antennae in your direction.
You hit the jelly.
Your front legs burn!
* * * LOW HITPOINT WARNING * * *
The jelly is moderately wounded.
The jelly barely misses you.
Your transformation is almost over.
The jelly hits you.
* * * LOW HITPOINT WARNING * * *
You are splashed with acid!
The acid corrodes you!
The acid burns!
You die...

#.................#
#.................#
#.....a...........#
#.................####
#.....>..............##
######†#..........##...
#.#..........###..
#J#..........))...
#s#...............
#.#...............
#.................
#######.##......##
#.....#.##......##
#.###.#.##......##
#.......##....>.#
#####.####......# #.#
#......#


You could see a jelly and a worker ant.

Vanquished Creatures
  An orc warrior (D:6)
  An ice beast (D:5)
  2 sky beasts (D:5)
  A centaur (D:5)
  Blork the orc (D:4)
  2 giant frogs (D:6)
  A scorpion (D:4)
  3 crimson imps
  2 giant frog zombies (D:6)
  A wasp zombie (D:6)
  2 hounds
  A jelly (D:5)
  2 orc priests (D:5)
  A giant frog skeleton (D:6)
  2 worker ants
  An iguana (D:5)
  5 orc wizards
  A killer bee zombie (D:5)
  2 hound zombies (D:6)
  Robin (D:3)
  A worker ant zombie (D:5)
  7 adders
  2 adder zombies
  3 adder skeletons
  2 worms (D:2)
  A dart slug (D:2)
  7 giant geckos
  24 orcs
  6 giant cockroaches
  14 goblins
  16 hobgoblins
  3 jackals (D:1)
  6 kobolds
  5 quokkas
  3 ball pythons
  9 bats
  2 giant gecko zombies (D:6)
  3 giant newts
  A jackal skeleton (D:6)
  8 rats
156 creatures vanquished.

Notes
Turn   | Place    | Note
--------------------------------------------------------------
     0 | D:1      | Nordron the Octopode Transmuter began the quest for the Orb.
     0 | D:1      | Reached XP level 1. HP: 13/13 MP: 3/3
   289 | D:1      | Reached XP level 2. HP: 14/18 MP: 3/5
  1061 | D:1      | Reached skill level 3 in Transmutations
  1106 | D:1      | Reached XP level 3. HP: 20/24 MP: 4/6
  1952 | D:2      | Found a blossoming altar of Fedhas.
  2109 | D:2      | Reached XP level 4. HP: 25/29 MP: 7/7
  2152 | D:2      | Found an ancient bone altar of Kikubaaqudgha.
  2723 | D:2      | Learned a level 3 spell: Spider Form
  2845 | D:3      | Reached skill level 4 in Transmutations
  3168 | D:3      | Noticed Robin
  3176 | D:3      | HP: 1/30 [goblin/sling bullet[Robin] (4)]
  3253 | D:3      | Reached XP level 5. HP: 9/35 MP: 4/8
  4167 | D:3      | Killed Robin
  4320 | D:4      | Reached skill level 5 in Transmutations
  4392 | D:4      | Reached XP level 6. HP: 30/42 MP: 6/9
  4421 | D:4      | Learned a level 5 spell: Blade Hands
  4646 | D:4      | Found an oddly glowing altar of Pakellas.
  4650 | D:4      | Found a burning altar of Makhleb.
  4653 | D:4      | Found a basalt altar of Yredelemnul.
  4728 | D:4      | Noticed Blork the orc
  4741 | D:4      | Killed Blork the orc
  4766 | D:4      | Noticed Grinder
  5002 | D:4      | Paralysed by Grinder for 6 turns
  5353 | D:5      | Entered Level 5 of the Dungeon
  5370 | D:5      | Found an opulent altar of Gozag.
  5376 | D:5      | Found Gozag's Platinum Reserve.
  5525 | D:5      | Reached skill level 6 in Transmutations
  5538 | D:5      | Noticed an ice beast
  5920 | D:5      | Killed an ice beast
  5920 | D:5      | Reached XP level 7. HP: 30/48 MP: 7/10
  6151 | D:5      | HP: 1/49 [orc priest/divine providence (15)]
  6451 | D:5      | Gained mutation: One of your tentacles bears a spike. [potion of mutation]
  6451 | D:5      | Gained mutation: One of your tentacles bears a nasty spike. [potion of mutation]
  6453 | D:5      | Gained mutation: Your magical capacity is low (-10% MP). [potion of mutation]
  6453 | D:5      | Gained mutation: You are agile. (Dex +2) [potion of mutation]
  6453 | D:5      | Lost mutation: One of your tentacles bears a nasty spike. [potion of mutation]
  6456 | D:5      | Lost mutation: One of your tentacles bears a spike. [potion of cure mutation]
  6456 | D:5      | Lost mutation: You are agile. (Dex +2) [potion of cure mutation]
  6456 | D:5      | Lost mutation: Your magical capacity is low (-10% MP). [potion of cure mutation]
  6550 | D:5      | Reached skill level 7 in Transmutations
  7175 | D:5      | Reached XP level 8. HP: 17/54 MP: 11/11
  7178 | D:5      | Reached skill level 5 in Fighting
  7192 | D:5      | HP: 2/55 [centaur (5)]
  7568 | D:5      | Reached skill level 8 in Transmutations
  8093 | D:6      | Reached skill level 9 in Transmutations
  8429 | D:5      | HP: 2/57 [acid (4)]
  8431 | D:5      | Splashed by a jelly's acid

Skill      XL: |  1  2  3  4  5  6  7  8 |
---------------+-------------------------+-----
Transmutations | 3 4 5 6 7 9 |  9.2
Fighting       | 2 3 4 6 |  6.1
Dodging        | |  2.0
Unarmed Combat | |  3.0
Spellcasting   | |  2.0

Action                   |  1- 3 |  4- 6 |  7- 9 || total
-------------------------+-------+-------+-------++-------
Melee: Unarmed           |    20 |    21 |     9 ||    50
       Kick              |    18 |    40 |    55 ||   113
       Constrict         |    22 |    41 |    40 ||   103
       Tentacles         |     7 |    23 |    38 ||    68
       Club              |    14 |       |       ||    14
       Short sword       |    18 |       |       ||    18
       Punch             |     3 |     7 |     3 ||    13
       Whip              |    26 |   154 |    65 ||   245
       Flail             |       |       |   127 ||   127
 Cast: Beastly Appendage |    25 |    35 |    32 ||    92
       Spider Form       |       |     5 |     2 ||     7
Evoke: Wand              |       |     7 |       ||     7
  Use: Scroll            |     5 |     6 |     1 ||    12
       Potion            |     1 |     5 |     6 ||    12
 Stab: Sleeping          |     3 |     3 |     1 ||     7
       Distracted        |       |     1 |       ||     1
  Eat: Chunk             |     4 |    10 |     8 ||    22
       Bread ration      |       |     1 |       ||     1
Armor: Skin              |     2 |    16 |    39 ||    57
Dodge: Dodged            |    45 |   102 |   137 ||   284
